 Dungeon Crawl Stone Soup version 0.30-a0-43-gbbf338a72c (webtiles) character file.

Game seed: 11203070750707341605

25664 drugrobin the Protected (level 12, -5/106 HPs)
             Began as a Demigod Delver on Aug 31, 2022.
             Slain by a death yak (19 damage)
             ... on level 1 of the Lair of Beasts.
             The game lasted 00:43:38 (16804 turns).

drugrobin the Protected (Demigod Delver)           Turns: 16804, Time: 00:43:39

Health: -5/106     AC: 30    Str: 24    XL:     12   Next: 55%
Magic:  28/28      EV:  9    Int: 19    God:
Gold:   670        SH:  7    Dex: 30    Spells: 10/15 levels left

rFire   . . .      SeeInvis .    a - +2 dagger of Cheibriados, Inviting {vorpal, rPois}
rCold   . . .      Faith    .    D - +0 buckler
rNeg    . . .      Spirit   .    x - +11 plate armour of True Grit {MP+9 Int-3 Dex+5}
rPois   +          Reflect  .    w - +0 helmet
rElec   .          Harm     .    i - +0 cloak
rCorr   .          Rampage  .    (no gloves)
Will    +....                    (no boots)
Stlth   ..........               Q - amulet of regeneration
HPRegen 1.07/turn                s - ring "Xoodaonn" {Drain Str+3 Int+6 Dex+6}
MPRegen 0.21/turn                H - ring of wizardry

@: studying Shields
A: high MP 1, forlorn, divine attributes
a: no special abilities


You were on level 1 of the Lair of Beasts.
You visited 2 branches of the dungeon, and saw 13 of its levels.
You also visited: Sewer.

You collected 773 gold pieces.
You spent 103 gold pieces at shops.

Inventory:

Hand Weapons
 a - the +2 dagger of Cheibriados, Inviting (weapon) {vorpal, rPois}
   (You found it on level 8 of the Dungeon)

   It inflicts extra damage upon your enemies.
   rPois:     It protects you from poison.
 b - a +4 falchion
 c - a +0 sling
 d - a +2 antimagic dagger
 e - the +9 mace of the Meager God {flame, Fly rF++}
   (You found it on level 8 of the Dungeon)

   It burns those it strikes, dealing additional fire damage.
   rF:        It greatly protects you from fire.
   Fly:       It grants you flight.
 U - a +1 dagger of chaos
Missiles
 u - 13 poisoned darts
 P - 6 boomerangs (quivered)
Armour
 i - a +0 cloak (worn)
 w - a +0 helmet (worn)
 x - the +11 plate armour of True Grit (worn) {MP+9 Int-3 Dex+5}
   (You found it on level 7 of the Dungeon)

   Int:       It affects your intelligence (-3).
   Dex:       It affects your dexterity (+5).
   MP:        It affects your magic capacity (+9).
 D - a +0 buckler (worn)
 J - +0 acid dragon scales
Jewellery
 s - the ring "Xoodaonn" (left hand) {Drain Str+3 Int+6 Dex+6}
   (You found it on level 3 of the Dungeon)

   [ring of intelligence]

   Str:       It affects your strength (+3).
   Int:       It affects your intelligence (+6).
   Dex:       It affects your dexterity (+6).
   Drain:     It drains your maximum health when unequipped.
 G - a ring of flight
 H - a ring of wizardry (right hand)
 Q - an amulet of regeneration (around neck)
 R - a ring of see invisible
 V - a +4 ring of protection
 X - a ring of wizardry
Wands
 g - a wand of digging (11)
 n - a wand of flame (17)
 v - a wand of quicksilver (2)
 K - a wand of polymorph (5)
Scrolls
 h - 2 scrolls of summoning
 j - 3 scrolls of immolation
 k - 4 scrolls of identify
 m - 8 scrolls of teleportation
 q - a scroll of fog
 t - 4 scrolls of vulnerability
 y - 3 scrolls of blinking
 C - 4 scrolls of amnesia
 E - 2 scrolls of enchant weapon
 F - 8 scrolls of poison
 M - 3 scrolls of butterflies
 N - 3 scrolls of fear
 O - 2 scrolls of magic mapping
Potions
 f - 2 potions of haste
 l - 3 potions of attraction {unknown}
 o - a potion of might {unknown}
 p - 3 potions of magic {unknown}
 r - 9 potions of curing
 z - a potion of lignification
 A - 7 potions of degeneration {unknown}
 B - 2 potions of flight {unknown}
 I - 2 potions of ambrosia {unknown}
 L - a potion of resistance
 T - a potion of mutation {unknown}
 W - 2 potions of heal wounds
Miscellaneous
 S - a piece from Xom's chessboard (15/15)


   Skills:
 - Level 10.0 Fighting
 - Level 10.0 Short Blades
 + Level 13.5 Armour
 - Level 2.2 Dodging
 - Level 4.7 Stealth
 - Level 5.0 Shields
 - Level 2.4 Spellcasting
 - Level 4.0 Evocations


You had 10 spell levels left.
You knew the following spells:

 Your Spells              Type           Power      Damage    Failure   Level
a - Sandblast             Erth           4%         2d4       56%         1
b - Passwall              Tmut/Erth      1%         N/A       69%         2
c - Ensorcelled Hibernat  Hex/Ice        4%         N/A       69%         2

Your spell library contained the following spells:

 Spells                   Type           Power      Damage    Failure   Level
 Beastly Appendage        Tmut           4%         N/A       56%         1
 Necrotise                Necr           8%         1d4       56%         1
 Sting                    Tmut/Pois      8%         1d3       56%         1
 Poisonous Vapours        Pois/Air       4%         N/A       69%         2
 Wereblood                Tmut           2%         N/A       69%         2
 Gell's Gravitas          Tloc           2%         N/A       89%         3
 Lesser Beckoning         Tloc           2%         N/A       89%         3
 Ozocubu's Armour         Ice            2%         N/A       89%         3
 Spider Form              Tmut/Pois      2%         N/A       89%         3
 Stone Arrow              Conj/Erth      4%         3d7       89%         3
 Swiftness                Air            2%         N/A       89%         3
 Teleport Other           Tloc           2%         N/A       89%         3
 Vampiric Draining        Necr           2%         2d6       89%         3
 Olgreb's Toxic Radiance  Pois           2%         N/A       99%         4
 Agony                    Necr           2%         N/A       100%        5
 Ozocubu's Refrigeration  Ice            1%         4d7       100%        7


Dungeon Overview and Level Annotations

Branches:
Dungeon (11/15)            Temple (0/1) D:7            Lair (2/5) D:9
    Orc (0/2) D:10          Sewer (visited)
  Swamp: Lair:2-3    Shoals: Lair:2-3     Snake: Lair:2-3    Spider: Lair:2-3

Shops:
D:7 [

Annotations:
D:2 1 runed translucent door, Crazy Yiuf
D:6 2 transporters, Blork the orc; logorrheac's ghost, novice OpVM
D:7 1 runed translucent door, amoryguerra's ghost, novice MiBe


Innate Abilities, Weirdness & Mutations

You have an increased reservoir of magic. (+10% MP)
You shall have no god before yourself.
Your divine heritage dramatically boosts your attributes as you level up.


Message History

You hit the death yak but do no damage.
The death yak is severely wounded.
The death yak gores you!
You puncture the death yak!
The death yak is almost dead.
You hit the death yak.
The death yak is almost dead.
The death yak gores you!
* * * LOW HITPOINT WARNING * * *
You hit the death yak but do no damage.
The death yak is almost dead.
Unknown command.
Unknown command.
You hit the death yak.
The death yak is almost dead.
The death yak gores you but does no damage.
Unknown command.
Unknown command.
You hit the death yak but do no damage.
The death yak is almost dead.
Unknown command.
Unknown command.
You hit the death yak but do no damage.
The death yak is almost dead.
The death yak gores you but does no damage.
Unknown command.
You hit the death yak.
The death yak is almost dead.
Unknown command.
Unknown command.
You hit the death yak but do no damage.
The death yak is almost dead.
The death yak gores you!
* * * LOW HITPOINT WARNING * * *
Unknown command.
Unknown command.
You hit the death yak but do no damage.
The death yak is almost dead.
The death yak gores you!!
You die...

.............#.#####..## ##....##
####...###....#####....## #.....#
#..## ##.....##......#####...#
####..### #.....#...#..#.## #....
........#####......##.....###...#
.........#####..##.###..........#
...........###..8..# ##.........#
.#.####....#.#.†...# #...###...#
#### #.....##8†@Y8# #...##....#
#P#######....#.....# #...###...#
.....## #....##....# #.### #...#
......####......+### ### #...#
.......#######.....###### #...#
........#####...8....#..### #...#
..........##.........###..###...#
.........##..8..>..8..##...##...#
........#......÷.......##.###...#


You could see a death yak.

Vanquished Creatures
  2 boulder beetles (D:11)
  A two-headed ogre (D:11)
  A catoblepas (Lair:1)
  3 death yaks (Lair:1)
  Amaemon (Lair:1)
  3 cyclopes
  13 elephants
  A manticore (D:11)
  A torpor snail (Lair:2)
  2 black mambas
  5 cane toads
  2 komodo dragons
  An orange demon (D:9)
  A gargoyle (D:9)
  Maggie (D:6)
  A rime drake (Lair:1)
  Psyche (D:10)
  A kobold demonologist (D:10)
  2 polar bears
  2 trolls
  2 hornets (D:8)
  Grinder (D:4)
  5 blink frogs (Lair:2)
  Sigmund (D:3)
  A shadow (D:10)
  27 yaks
  2 wyverns (Lair:1)
  A basilisk (Lair:1)
  2 steam dragons
  6 water moccasins
  A black bear (D:5)
  An ogre (D:6)
  4 centaurs
  A phantom (D:4)
  A kobold brigand (D:9)
  8 bullfrogs
  A necrophage (D:5)
  2 gnoll sergeants
  2 scorpions
  4 wights
  4 killer bees (D:10)
  An electric eel (D:9)
  4 howler monkeys
  2 jellies
  2 orc priests
  2 gnoll boudas
  4 hounds
  2 iguanas
  An orc wizard (D:4)
  Natasha (thrice) (D:2)
  Terence (D:2)
  18 gnolls
  7 adders
  2 shadow imps
  An ufetubus (D:4)
  2 worms
  4 dart slugs (D:4)
  14 orcs
  10 ball pythons
  7 endoplasms
  6 giant cockroaches
  5 goblins
  9 hobgoblins
  17 kobolds
  4 quokkas
  5 bats
  6 frilled lizards
  9 rats
270 creatures vanquished.

Vanquished Creatures (others)
  16 fungi
  21 plants
37 creatures vanquished.

Grand Total: 307 creatures vanquished

Notes
Turn   | Place    | Note
-------+----------+-------------------------------------------
     0 | D:5      | drugrobin the Demigod Delver began the quest for the Orb.
     0 | D:5      | Reached XP level 1. HP: 18/18 MP: 3/3
   117 | D:5      | Noticed a hound
   122 | D:5      | Killed a hound
   123 | D:5      | Reached XP level 2. HP: 16/26 MP: 4/4
   254 | D:5      | Noticed a necrophage
   351 | D:5      | Reached XP level 3. HP: 31/31 MP: 1/5
   377 | D:5      | Killed a necrophage
   378 | D:5      | Reached XP level 4. HP: 28/38 MP: 2/6
   545 | D:4      | Noticed Grinder
   563 | D:4      | Killed Grinder
   564 | D:4      | Reached skill level 5 in Short Blades
   564 | D:4      | Reached XP level 5. HP: 4/45 MP: 2/7
   846 | D:4      | Found a glowing drain.
   850 | Sewer    | Entered a sewer
   984 | Sewer    | Noticed a water moccasin
  1005 | Sewer    | Killed a water moccasin
  1006 | Sewer    | Reached XP level 6. HP: 31/51 MP: 3/8
  1336 | D:4      | Learned a level 1 spell: Sandblast
  1339 | D:4      | Learned a level 2 spell: Passwall
  1565 | D:3      | Identified the ring "Xoodaonn" {Drain Str+3 Int+6 Dex+6}
  1778 | D:3      | Noticed Sigmund
  2122 | D:2      | Noticed Terence
  2143 | D:2      | Killed Terence
  3823 | D:2      | Noticed Natasha
  3835 | D:2      | Killed Natasha
  3836 | D:2      | Reached XP level 7. HP: 57/57 MP: 3/9
  3878 | D:2      | Learned a level 2 spell: Ensorcelled Hibernation
  3891 | D:2      | Noticed Natasha
  3899 | D:2      | Killed Natasha
  3991 | D:2      | Noticed Natasha
  4007 | D:2      | Killed Natasha
  4074 | D:2      | Found a runed translucent door.
  4075 | D:2      | Noticed Crazy Yiuf
  4300 | D:3      | Killed Sigmund
  6108 | D:5      | Reached XP level 8. HP: 63/63 MP: 3/10
  6719 | D:6      | Found a transporter.
  6946 | D:6      | Reached skill level 10 in Short Blades
  6977 | D:6      | Noticed Blork the orc
  7408 | D:6      | Noticed logorrheac's ghost (novice OpVM)
  7408 | D:6      | Noticed a two-headed ogre
  7409 | D:6      | Found a transporter.
  7440 | D:6      | Noticed Maggie
  7481 | D:6      | Killed Maggie
  7482 | D:6      | Reached skill level 1 in Spellcasting
  7482 | D:6      | Reached skill level 1 in Evocations
  8798 | D:7      | Identified the +11 plate armour of True Grit {MP+9 Int-3
                  | Dex+5}
  8810 | D:7      | Reached XP level 9. HP: 66/67 MP: 15/15
  8919 | D:7      | Found a runed translucent door.
  9197 | D:7      | Found Locuij's Antique Armour Boutique.
  9212 | D:7      | Bought a buckler for 103 gold pieces
  9263 | D:7      | Found a staircase to the Ecumenical Temple.
  9310 | D:7      | Noticed amoryguerra's ghost (novice MiBe)
  9404 | D:8      | Reached skill level 1 in Armour
  9541 | D:8      | Reached skill level 2 in Armour
  9656 | D:8      | Identified the +9 mace of the Meager God {flame, Fly rF++}
  9707 | D:8      | Identified the +2 dagger of Cheibriados, Inviting {vorpal,
                  | rPois}
  9730 | D:8      | Paralysed by a hornet for 1 turns
  9741 | D:8      | Reached skill level 5 in Fighting
 10231 | D:9      | Reached skill level 3 in Armour
 10290 | D:9      | You fall into a shaft and drop 1 floor!
 10290 | D:10     | Entered Level 10 of the Dungeon
 10376 | D:10     | Reached skill level 4 in Armour
 10509 | D:10     | Reached skill level 5 in Armour
 10509 | D:10     | Reached XP level 10. HP: 26/84 MP: 17/17
 11126 | D:9      | Noticed a cyclops
 11139 | D:9      | Killed a cyclops
 11158 | D:9      | Found a staircase to the Lair.
 11168 | D:9      | Reached skill level 6 in Armour
 11317 | D:9      | Reached skill level 1 in Shields
 11614 | D:9      | Noticed a cyclops
 11636 | D:9      | Killed a cyclops
 11914 | D:10     | Noticed Psyche
 11987 | D:10     | Noticed a soul eater
 11987 | D:10     | Noticed a smoke demon
 12256 | D:10     | Killed Psyche
 12435 | D:10     | Reached skill level 7 in Armour
 12480 | D:10     | Reached skill level 5 in Shields
 12531 | D:10     | Found a staircase to the Orcish Mines.
 12687 | D:11     | Noticed a boulder beetle
 12703 | D:11     | Killed a boulder beetle
 12704 | D:11     | Reached XP level 11. HP: 93/95 MP: 18/18
 12855 | D:11     | Noticed a boulder beetle
 12869 | D:11     | Killed a boulder beetle
 12950 | D:11     | Reached skill level 8 in Armour
 13069 | D:11     | Noticed a two-headed ogre
 13090 | D:11     | Killed a two-headed ogre
 13291 | D:11     | Noticed a seven-headed hydra
 13457 | Lair:1   | Entered Level 1 of the Lair of Beasts
 13549 | Lair:1   | Noticed a catoblepas
 13587 | Lair:1   | Killed a catoblepas
 14001 | D:9      | Reached skill level 10 in Fighting
 14029 | D:9      | Reached skill level 9 in Armour
 14249 | Lair:1   | Noticed Amaemon
 14279 | Lair:1   | Killed Amaemon
 14280 | Lair:1   | Reached skill level 10 in Armour
 14724 | Lair:1   | Reached skill level 11 in Armour
 14793 | Lair:1   | Reached XP level 12. HP: 92/106 MP: 19/19
 14829 | Lair:1   | HP: 4/106 [elephant (13)]
 15766 | Lair:1   | Reached skill level 12 in Armour
 16310 | Lair:2   | Reached skill level 13 in Armour
 16804 | Lair:1   | Slain by a death yak

Illustrated notes

Levels and vault maps discovered:
D:1:      dpeg_arrival_water_fire, layout_basic,
          hellmonk_ecumenical_altar_zigzags
D:2:      layout_basic, uniq_terence, uniq_natasha, uniq_crazy_yiuf_cottage
D:3:      layout_basic, uniq_sigmund
D:4:      layout_loops_corners, portal_sewer_entry_e, corexii_hall_statues_s,
          minivault_27, minmay_misc_feat_secret_circle, uniq_grinder
D:5:      layout_basic, nicolae_overflow_crystal_walls, nicolae_ru_path_of_blood
D:6:      layout_basic, gammafunk_ghost_smash, kennysheep_doodads,
          minmay_manual_mares, uniq_blork_the_orc, uniq_maggie
D:7:      layout_basic, mainiacjoe_overflow_six_doors_small,
          minmay_temple_entry_crystal_x, serial_shops,
          nicolae_shop_window_shopping, ebering_ghost_reflecting_pool
D:8:      layout_basic, okawaru_ov_weapons_minmay
D:9:      layout_loops_corners, grunt_temple_overflow_forces_of_nature,
          grunt_temple_overflow_open, dpeg_oklobed_lair,
          nicolae_kite_square_tiling_tiny, lightli_minifort
D:10:     layout_rooms, mainiacjoe_overflow_paths, orc_0_dummy, uniq_psyche
D:11:     layout_basic, nicolae_uskayaw_dance_hall
Lair:1:   layout_concentric_octagons, grunt_megastairs_3, uniq_amaemon
Lair:2:   layout_hall_layers, columned_hall_lemuel,
          chequers_serial_rivers_micro_b

Skill      XL: |  1  2  3  4  5  6  7  8  9 10 11 12 |
---------------+-------------------------------------+-----
Fighting       | 3 4 6 8 10 | 10.0
Short Blades   | 2 3 5 6 7 8 10 | 10.0
Dodging        | 2 |  2.2
Spellcasting   | 2 |  2.4
Evocations     | 2 4 |  4.0
Armour         | 5 7 11 13 | 13.5
Shields        | 5 |  5.0
Stealth        | |  4.7

Action                   |  1- 3 |  4- 6 |  7- 9 | 10-12 || total
-------------------------+-------+-------+-------+-------++-------
Melee: Short sword       |     4 |       |       |       ||     4
       Dagger            |     9 |   209 |   502 |  1278 ||  1998
       Unarmed           |       |    14 |       |       ||    14
       Punch             |       |     3 |     6 |       ||     9
       Long sword        |       |       |     8 |       ||     8
       Falchion          |       |       |    42 |   205 ||   247
 Fire: Sling             |       |     5 |    13 |       ||    18
Throw: Dart              |       |     3 |    16 |    27 ||    46
       Boomerang         |       |       |       |    17 ||    17
 Cast: Ensorcelled Hiber |       |       |    12 |       ||    12
       Sandblast         |       |       |     4 |     1 ||     5
       Passwall          |       |       |     1 |       ||     1
Evoke: Wand              |     1 |     5 |     3 |     1 ||    10
       Piece from Xom's  |       |       |       |     6 ||     6
  Use: Potion            |       |     3 |     3 |     1 ||     7
       Scroll            |       |       |       |     9 ||     9
 Stab: Sleeping          |     2 |    17 |    23 |       ||    42
       Distracted        |       |       |     1 |       ||     1
       Invisible         |       |       |       |     1 ||     1
       Confused          |       |       |       |     2 ||     2
Armor: Leather armour    |     1 |    34 |    32 |       ||    67
       Skin              |       |    13 |       |       ||    13
       Acid dragon scale |       |       |     8 |       ||     8
       Plate armour      |       |       |    78 |   753 ||   831
Dodge: Dodged            |     2 |    90 |   191 |   375 ||   658
Block: Buckler           |       |       |    46 |   346 ||   392

Table legend: (Time is in decaauts)
 A = Elapsed time spent in this place.
 B = Non-inter-level travel time spent in this place.
 C = Inter-level travel time spent in this place.
 D = Time resting spent in this place.
 E = Time spent auto-exploring this place.
 F = Levels seen in this place.
 G = Mean time per level.
                   A        B        C        D        E       F      G
               +--------+--------+--------+--------+--------+-----+--------+
         Total |  15996 |  15554 |    442 |   3546 |   7800 |  14 | 1142.6 |
       Dungeon |  12885 |  12464 |    421 |   2627 |   6734 |  11 | 1171.4 |
          Lair |   2670 |   2650 |     20 |    572 |   1054 |   2 | 1335.0 |
         Sewer |    441 |    441 |      0 |    346 |     12 |   1 |  441.0 |
               +--------+--------+--------+--------+--------+-----+--------+

Top non-repeatable levels by time:
  Lair:1: 1999 daAuts
     D:6: 1988 daAuts
     D:4: 1923 daAuts
     D:9: 1780 daAuts
     D:2: 1398 daAuts
     D:5: 1200 daAuts
    D:10: 895 daAuts
     D:1: 866 daAuts
     D:3: 789 daAuts
    D:11: 735 daAuts
     D:8: 705 daAuts
  Lair:2: 670 daAuts
     D:7: 602 daAuts
   Sewer: 441 daAuts
